[Event "*** Titled Tuesday Blitz"]
[Site "Chess.com"]
[Date "2020.11.03"]
[Round "3"]
[White "VitaliyBernadskiy"]
[Black "Jospem"]
[Result "1/2-1/2"]
[WhiteElo "2757"]
[BlackElo "3012"]
[TimeControl "180+1"]
[EndTime "10:30:56 PST"]
[Termination "Game drawn by repetition"]

1. e4 e5 2. Nf3 Nc6 3. Bb5 a6 4. Ba4 Nf6 5. d3 d6 6. c3 g6 7. O-O Bg7 8. Re1 O-O 9. Nbd2 b5 10. Bc2 Qe7 11. Nf1 Nd8 12. d4 c5 13. Bg5 Ne6 14.
Bh4 Qc7 15. dxe5 dxe5 16. Ne3 Nf4 17. Nd5 N6xd5 18. exd5 Qd6 19. Bg3 Bb7 20. Qd2 Rad8 21. Rad1 Rfe8 22. c4 bxc4 23. Ba4 Nd3 24. Bxe8 Rxe8 25.
Re3 Qxd5 26. b3 e4 27. bxc4 Qc6 28. Qe2 Rd8 29. Ne5 Bxe5 30. Bxe5 f5 31. Ba1 Bc8 32. Rexd3 Rxd3 33. Rxd3 exd3 34. Qe7 Qd7 35. Qe5 Kf7 36. Qf6+ Ke8 37. Qh8+ Ke7 38. Qf6+ Ke8 39. Qh8+ Ke7 40. Qf6+ Ke8 1/2-1/2

[Event "*** Titled Tuesday Blitz"]
[Site "Chess.com"]
[Date "2020.11.03"]
[Round "3"]
[White "TST2014"]
[Black "gurelediz"]
[Result "0-1"]
[WhiteElo "2491"]
[BlackElo "2702"]
[TimeControl "180+1"]
[EndTime "10:30:56 PST"]
[Termination "gurelediz won on time"]

1. d4 Nf6 2. c4 e6 3. Nf3 b6 4.
a3 Bb7 5. Nc3 d5 6. cxd5 Nxd5 7.
e3 g6 8. Bb5+ c6 9. Bd3 Bg7 10. h4 Nxc3 11. bxc3 h6 12. e4 c5 13. Be3 Nc6 14. Qa4 O-O 15. Rd1 cxd4 16. cxd4 Rc8 17.
O-O Na5 18. Rc1 Bc6 19. Qb4 Qd7 20. Ba6 Rce8 21. Ne5 Bxe5 22. dxe5 Kh7 23. Rfd1 Qe7 24. g3 Ba8 25. Rd6 Rd8 26. Rcd1 Rxd6 27. exd6 Qf6 28.
d7 Rd8 29. Bf4 e5 30. Be3 Qf3 31. Rd5 Bxd5 32. exd5 Qxd5 33. Bc8 Rxd7 34. Qf8 Rd8 35. Qxh6+ Kg8 36. Bg4 Qe4 37. Bg5 Qxg4 38. Bxd8 Qd1+ 39. Kg2 Qxd8 40. Qe3 Qd5+ 41. Kh2 Nc4 42. Qg5 Nd2 0-1

[Event "*** Titled Tuesday Blitz"]
[Site "Chess.com"]
[Date "2020.11.03"]
[Round "3"]
[White "CrazyMartian"]
[Black "Natalya_Buksa"]
[Result "0-1"]
[WhiteElo "2309"]
[BlackElo "2537"]
[TimeControl "180+1"]
[EndTime "10:30:56 PST"]
[Termination "Natalya_Buksa won on time"]

1. d4 d5 2. c4 e6 3. Nc3 Be7 4. cxd5 exd5 5. Bf4 Nf6 6. e3 Bf5 7. Bd3 Bxd3 8. Qxd3 O-O 9. Nf3 c6 10. O-O Nbd7 11.
Ne5 Nxe5 12. Bxe5 Bd6 13. Bxd6 Qxd6 14. a3 Rae8 15. b4 a6 16. Rac1 Ne4 17. Nxe4 Rxe4 18. Rc5 f5 19. g3 h5 20. Kg2 h4 21. f3 Re6 22. Rc2 Rg6 23. f4 Qe6 24. Rf3 Rh6 25. gxh4 Rxh4 26. Rg3 Kf7 27. a4 Rfh8 28. Kg1 Rh3 29.
Rcg2 Rxg3 30. Rxg3 g6 31. Qc2 Qe7 32. Qb1 Rh4 33.
Kg2 Qe8 34. Qd3 Rh8 35. a5 Qf8 36. Qb1 Qh6 37. h3 Qh5 38. Qf1 Re8 39. Qf3 Qh8 40.
Kh2 Re6 41. Rg2 Qf8 42. Qg3 Qxb4 43. Qh4 Qf8 44. Qh7+ Qg7 45. Qh4 Rxe3 46. Qd8 Re7 47. Qd6 Qf6 48. Qb8 Qxd4 49. h4 Qf6 50. Kh3 d4 51. h5 Re3+ 52. Rg3 Rxg3+ 53. Kxg3 gxh5 54. Qc8 Qe6 55. Qh8 d3 0-1

[Event "*** Titled Tuesday Blitz"]
[Site "Chess.com"]
[Date "2020.11.03"]
[Round "3"]
[White "Quiet_Desperation"]
[Black "Margency"]
[Result "1-0"]
[WhiteElo "1831"]
[BlackElo "2688"]
[TimeControl "180+1"]
[EndTime "10:30:56 PST"]
[Termination "Quiet_Desperation won by resignation"]

1. e4 c5 2. Nf3 d6 3. Bb5+ Nc6 4. d4 cxd4 5. Qxd4 Bd7 6. Bxc6 Bxc6 7. O-O Nf6 8. Nc3 e6 9. Rd1 Be7 10. Qe3 Qc7 11. e5 Ng4 12. Qf4 Nxe5 13. Nxe5 dxe5 14.
Qg3 O-O 15. h4 f6 16. h5 Rf7 17. Be3 b5 18. Rd2 b4 19. Ne2 Rc8 20. Rad1 a5 21. f4 exf4 22. Nxf4 e5 23. Ng6 Bb5 24. Nxe7+ Qxe7 25. Bb6 Rff8 26. h6 g6 27. Kh1 a4 28. Qe3 Qe6 29. Bc5 Rfe8 30. Bxb4 Qxa2 31. Qa7 Qf7 32. Rd7 Bxd7 33. Rxd7 Ra8 34. Rxf7 Rxa7 35. Rxa7 g5 36.
Rg7+ Kh8 37. Rf7 Kg8 38. Rxf6 e4 39. Kg1 Rb8 40. c3 Re8 41. Kf2 e3+ 42. Ke2 Rd8 43. Kxe3 Re8+ 44. Kf3 Rc8 45. Kg4 Re8 46. Rf8+ Rxf8 47.
Bxf8 Kxf8 48. Kxg5 Kf7 49. g4 Ke6 50. Kf4 Kd5 51.
g5 Kc4 52. g6 hxg6 53. h7 g5+ 54. Kxg5 Kb3 55. h8=Q Kxb2 56. c4+ Kb3 57. c5 1-0

[Event "*** Titled Tuesday Blitz"]
[Site "Chess.com"]
[Date "2020.11.03"]
[Round "3"]
[White "kirillshevchenko"]
[Black "XDPS"]
[Result "1-0"]
[WhiteElo "2876"]
[BlackElo "2659"]
[TimeControl "180+1"]
[EndTime "10:30:58 PST"]
[Termination "kirillshevchenko won by resignation"]

1. e4 e5 2. d3 Nf6 3. f4 exf4 4. Bxf4 d5 5. e5 Nfd7 6. d4 c5 7. c3 Nc6 8. Nf3 Be7 9. Bd3 Nf8 10. O-O Be6 11.
Nbd2 Ng6 12. Be3 c4 13. Bc2 b5 14. Qe1 h5 15. Bxg6 fxg6 16. Qg3 Bf5 17. Bg5 h4 18.
Qf4 Rh5 19. Bxe7 Qxe7 20. b3 Nd8 21. a4 cxb3 22. Nxb3 bxa4 23. Rxa4 Ne6 24. Qd2 Kf8 25. Ra5 Rd8 26. Qa2 Rd7 27. Nc5 Nxc5 28. Rxc5 Kg8 29.
Rxd5 Kh7 30. Rxd7 Bxd7 31. d5 h3 32. d6 Qe8 33. Re1 hxg2 34. e6 Bc6 35. Qxg2 Rf5 36. d7 Bxd7 37. exd7 Qxd7 38. Ng5+ Kh6 39. Ne4 g5 40. Qh3+ Kg6 41. Ng3 Rd5 42. Qh5+ Kf6 43.
Rf1+ Ke7 44. Rf7+ 1-0

[Event "*** Titled Tuesday Blitz"]
[Site "Chess.com"]
[Date "2020.11.03"]
[Round "3"]
[White "PetrolulSah"]
[Black "machupichu10"]
[Result "0-1"]
[WhiteElo "2187"]
[BlackElo "2769"]
[TimeControl "180+1"]
[EndTime "10:30:58 PST"]
[Termination "machupichu10 won on time"]

1. d4 Nf6 2. c4 e6 3. g3 d5 4.
Bg2 Be7 5. Nf3 O-O 6. O-O Nbd7 7. Qc2 c6 8. Rd1 b6 9. Nc3 Bb7 10. e4 dxc4 11. Ne5 b5 12. b3 cxb3 13. axb3 a6 14. Bg5 Rc8 15. Nxd7 Qxd7 16. e5 Nd5 17. Bxe7 Qxe7 18.
Ne4 f6 19. Nc5 Rcd8 20. Bh3 Bc8 21. Ne4 fxe5 22. dxe5 Nb4 23. Qc5 Qxc5 24. Nxc5 Kf7 25. Rd6 Rxd6 26. exd6 Rd8 27. d7 Bxd7 28. Rd1 Ke7 29.
Bxe6 Be8 30. Rxd8 Kxd8 31. Kf1 Ke7 32. Bg4 Kd6 33. Ne4+ Ke5 34. Nd2 Kd4 35. Ke2 Bf7 36. Bf3 a5 37. Bg2 Kc3 38. Kd1 Bxb3+ 39. Kc1 Nd3+ 0-1

[Event "*** Titled Tuesday Blitz"]
[Site "Chess.com"]
[Date "2020.11.03"]
[Round "3"]
[White "m_ezat"]
[Black "SHIVACalypso"]
[Result "0-1"]
[WhiteElo "2529"]
[BlackElo "2335"]
[TimeControl "180+1"]
[EndTime "10:30:58 PST"]
[Termination "SHIVACalypso won by checkmate"]

1. d4 e6 2. c4 Nf6 3. Nc3 Bb4 4. e3 O-O 5. a3 Bxc3+ 6. bxc3 b6 7. Bd3 Bb7 8. f3 c5 9. Ne2 d5 10. cxd5 exd5 11.
O-O Nbd7 12. Ng3 Re8 13. Ra2 Qc7 14. Re2 Rac8 15. e4 cxd4 16. cxd4 dxe4 17. fxe4 Qc3 18. Bb2 Qa5 19. Rf5 b5 20. Rxb5 Qc7 21. Rf5 Nb6 22. Rxf6 gxf6 23. Nh5 Re6 24. Rc2 Qd7 25. Qg4+ Kf8 26. Qg7+ Ke7 27. d5 Rxc2 28. Bxc2 Nxd5 29. h3 Qb5 30. exd5 Qxd5 31. Bxf6+ Kd6 32. Qg3+ Kd7 33. Ba4+ Bc6 34. Bxc6+ Qxc6 35. Nf4 Rxf6 36. Qd3+ Rd6 37. Qf5+ Ke7 38. Qe5+ Kd8 39. Qh8+ Kc7 40. Qxh7 Qc1+ 41. Kh2 Qxf4+ 42. Kg1 Rd1# 0-1

[Event "*** Titled Tuesday Blitz"]
[Site "Chess.com"]
[Date "2020.11.03"]
[Round "3"]
[White "Philosopherrr"]
[Black "glebus008"]
[Result "1-0"]
[WhiteElo "2537"]
[BlackElo "2308"]
[TimeControl "180+1"]
[EndTime "10:30:58 PST"]
[Termination "Philosopherrr won on time"]

1. e4 c5 2. Nf3 e6 3. d4 cxd4 4. Nxd4 Nf6 5. Nc3 d6 6. g4 h6 7. Bg2 Nc6 8. h3 Be7 9. Be3 d5 10. exd5 Nxd5 11. Nxd5 exd5 12. O-O O-O 13. Nxc6 bxc6 14.
c4 Ba6 15. b3 dxc4 16. Qe2 Qd3 17. Qf3 cxb3 18. axb3 Bb5 19. Rxa7 Rxa7 20. Bxa7 Qxf3 21. Bxf3 Bxf1 22. Kxf1 c5 23. Be2 Rd8 24. Bc4 Rd7 25. Bb6 Rb7 26. Ba5 Bf6 27. Kg2 Bd4 28. f4 Ra7 29.
Bb6 Ra2+ 30. Kf3 Rb2 31. h4 g6 32. g5 h5 33. Bc7 Kg7 34. Ke4 Rf2 35. b4 Rb2 36. bxc5 Bc3 37. c6 Rb4 38. Kd3 Ba1 39. Bd6 Rb1 40. c7 Rd1+ 41. Ke2 Rxd6 42. c8=Q 1-0

[Event "*** Titled Tuesday Blitz"]
[Site "Chess.com"]
[Date "2020.11.03"]
[Round "3"]
[White "Sofiia_Hryzlova"]
[Black "boasovietica"]
[Result "0-1"]
[WhiteElo "2304"]
[BlackElo "2534"]
[TimeControl "180+1"]
[EndTime "10:30:58 PST"]
[Termination "boasovietica won by resignation"]

1. c4 c5 2. Nf3 Nc6 3. Nc3 e5 4.
g3 g6 5. Bg2 Bg7 6. O-O d6 7. Ne1 Be6 8. d3 Nge7 9. Nc2 d5 10. cxd5 Nxd5 11. Ne3 Nde7 12. a3 a5 13. Rb1 O-O 14. Qa4 Nd4 15. Nc4 b5 16. Nxb5 Bd7 17.
Bxa8 Qxa8 18. e4 Bxb5 19. Qxa5 Qc8 20. Be3 Qh3 21. Bxd4 Nc6 22. Qd2 Nxd4 23. f3 f5 24. Qg2 Qh5 25. b4 cxb4 26. axb4 Ba4 27. Rbc1 Bh6 28. Rc3 fxe4 29. dxe4 Bb5 30. g4 Qh4 31. Qg3 Qf6 32. Rf2 Rc8 33. g5 Bxg5 34. Qxe5 Qxe5 35. Nxe5 Rxc3 36. f4 Bh4 37. f5 Bxf2+ 38. Kxf2 gxf5 39. exf5 Rc2+ 0-1

[Event "*** Titled Tuesday Blitz"]
[Site "Chess.com"]
[Date "2020.11.03"]
[Round "3"]
[White "emiliochess"]
[Black "crossingthestreet"]
[Result "0-1"]
[WhiteElo "2268"]
[BlackElo "2559"]
[TimeControl "180+1"]
[EndTime "10:30:58 PST"]
[Termination "crossingthestreet won by checkmate"]

1. d4 d5 2. Bf4 Nf6 3. e3 e6 4. Bd3 Bd6 5. Bg3 O-O 6. Nd2 c5 7. c3 Qc7 8. Ngf3 Nbd7 9. Qe2 e5 10.
dxe5 Nxe5 11. Bc2 Re8 12. O-O Bg4 13. Bxe5 Bxe5 14. h3 Bh5 15. Qb5 a6 16. Qa4 c4 17.
Nxe5 Qxe5 18. Rae1 b5 19. Qb4 Ne4 20. Bxe4 dxe4 21.
f3 exf3 22. Nxf3 Bxf3 23. Rxf3 Rad8 24. b3 Rc8 25. e4 Red8 26. a4 Rd2 27. Rfe3 h6 28.
axb5 axb5 29. bxc4 bxc4 30. R1e2 Rd1+ 31. Re1 Rd3 32.
Qb7 Rb8 33. Qc6 Rxe3 34. Rxe3 Rb1+ 35. Kf2 Qf4+ 36. Rf3 Rb2+ 37. Kg1 Rb1+ 38. Kf2 Qd2+ 39. Kg3 Rg1 40. Qc8+ Kh7 41. Qf5+ Kh8 42. Qc8+ Kh7 43. Qf5+ Kg8 44. Qxf7+ Kh8 45. Qe8+ Kh7 46. Qe5 Qxg2+ 47. Kh4 g5+ 48. Kh5 Qxf3# 0-1

[Event "*** Titled Tuesday Blitz"]
[Site "Chess.com"]
[Date "2020.11.03"]
[Round "3"]
[White "gixfantastix"]
[Black "norwaytoadog"]
[Result "1-0"]
[WhiteElo "2117"]
[BlackElo "2317"]
[TimeControl "180+1"]
[EndTime "10:30:58 PST"]
[Termination "gixfantastix won on time"]

1. d4 Nf6 2. f4 d5 3. Nf3 Bf5 4.
e3 e6 5. Bd3 Bxd3 6. Qxd3 c5 7.
O-O Nc6 8. c3 Bd6 9. Nbd2 O-O 10. Ne5 Qc7 11. Ndf3 Ne4 12. Bd2 f6 13. Nxc6 bxc6 14.
Rae1 c4 15. Qe2 Rab8 16. Bc1 a5 17. Nd2 f5 18. Nxe4 fxe4 19. Qg4 Rf5 20. Qh3 h5 21.
Kh1 Kf7 22. Rg1 Rg8 23. g4 hxg4 24. Rxg4 Qe7 25. Reg1 Qf6 26. Bd2 Be7 27. Be1 Ke8 28. Qh7 Kf8 29. Bh4 Qf7 30. Bxe7+ Qxe7 31. Rg6 Rf7 32. Qh3 Rf6 33. R6g5 Qf7 34. Qg4 Rf5 35.
Rg6 Rf6 36. Qh5 Rxg6 37. Rxg6 Ke7 38. Qg4 Kd7 39. Kg2 Kc7 40. h4 Kd7 41. h5 Kd6 42. h6 Rh8 43. Rxg7 Qf6 44. h7 Qh6 45. Rg6 1-0

[Event "*** Titled Tuesday Blitz"]
[Site "Chess.com"]
[Date "2020.11.03"]
[Round "3"]
[White "Caracternin123"]
[Black "CM_rui"]
[Result "1-0"]
[WhiteElo "2598"]
[BlackElo "2380"]
[TimeControl "180+1"]
[EndTime "10:30:59 PST"]
[Termination "Caracternin123 won by checkmate"]

1. d4 Nf6 2. Nf3 e6 3. g3 c5 4. Bg2 d5 5. O-O Nc6 6. c4 Be7 7. Nc3 O-O 8. dxc5 d4 9. Na4 e5 10. a3 Be6 11. Qc2 h6 12. b4 Qc7 13. Bb2 Rad8 14. Rfd1 e4 15. Nxd4 e3 16. fxe3 Nxd4 17. exd4 Ng4 18. Qe4 Bg5 19. Bc1 Bf6 20. Bf4 Qd7 21.
Nc3 Bxd4+ 22. Rxd4 Qxd4+ 23. Qxd4 Rxd4 24. Bxb7 Rxc4 25. Nb5 Rc2 26. Nxa7 Rxe2 27. Bf3 Rb2 28. Bxg4 Bxg4 29. c6 Bf3 30. c7 Rg2+ 31. Kf1 Rxh2 32. Rc1 Rh1+ 33. Kf2 Rxc1 34. Bxc1 Bb7 35. b5 Ra8 36.
Be3 Kf8 37. a4 Ke8 38. a5 Kd7 39. a6 Bxa6 40. bxa6 Kxc7 41. Kf3 Re8 42. Nb5+ Kc6 43. Nd4+ Kb6 44. Ne6+ Kxa6 45. Nc7+ Kb7 46. Nxe8 Kc6 47. Nxg7 Kd7 48. Bxh6 Ke7 49. Nh5 f5 50. Be3 Ke6 51. Kf4 Kd5 52. Kxf5 Kc4 53. g4 Kd3 54. Bf4 Ke2 55.
g5 Kf3 56. g6 Kg2 57. g7 Kf3 58. g8=Q Ke2 59. Qc4+ Kf3 60. Qd3+ Kg2 61. Qe2+ Kg1 62. Be3+ Kh1 63. Ng3# 1-0

[Event "*** Titled Tuesday Blitz"]
[Site "Chess.com"]
[Date "2020.11.03"]
[Round "3"]
[White "BanjoKazooieN64"]
[Black "AndrewMcStone"]
[Result "1-0"]
[WhiteElo "2372"]
[BlackElo "2128"]
[TimeControl "180+1"]
[EndTime "10:30:59 PST"]
[Termination "BanjoKazooieN64 won on time"]

1. e4 Nc6 2. Nf3 d6 3. d4 Nf6 4.
d5 Ne5 5. Nxe5 dxe5 6. Nc3 c6 7. dxc6 Qxd1+ 8. Kxd1 bxc6 9. Bc4 e6 10. Ke2 Bc5 11.
f3 O-O 12. Bg5 Bd4 13. Rad1 a5 14. Na4 Ba6 15. Bxa6 Rxa6 16. c3 Bb6 17. Bxf6 gxf6 18. Rd7 Rb8 19. Rhd1 Kf8 20. R1d6 Ke8 21. Rd1 h6 22. b3 Bd8 23. Nc5 Raa8 24. Na4 Be7 25. Rc7 Rc8 26. Rdd7 Rxc7 27. Rxc7 Ra6 28. Kd3 Kd8 29.
Rb7 f5 30. Kc4 fxe4 31. fxe4 f5 32. exf5 exf5 33. Nc5 Bxc5 34. Kxc5 Ke8 35. Kd6 e4 36. Re7+ Kf8 37. Re5 c5+ 38. Kd5 Ra7 39. Rxf5+ Kg7 40. Kxe4 Re7+ 41. Re5 Rf7 42. Rxc5 Rf2 43. Rxa5 Rxg2 44.
Rh5 Rxa2 45. Rh3 Kg6 46. b4 Ra3 47. Kd5 Rb3 48. Kc6 Kg5 49. b5 h5 50. b6 h4 51.
b7 Kg4 52. Rd3 1-0

[Event "*** Titled Tuesday Blitz"]
[Site "Chess.com"]
[Date "2020.11.03"]
[Round "3"]
[White "politeplayer"]
[Black "Mikasinski"]
[Result "0-1"]
[WhiteElo "2243"]
[BlackElo "2449"]
[TimeControl "180+1"]
[EndTime "10:30:59 PST"]
[Termination "Mikasinski won by resignation"]

1. e4 c5 2. c3 Nf6 3. e5 Nd5 4. Nf3 e6 5. d4 cxd4 6. cxd4 d6 7. Bc4 Nb6 8. Bb3 dxe5 9. Nxe5 N8d7 10. Bf4 Nxe5 11.
Bxe5 Bd6 12. Bxg7 Rg8 13. Be5 Bxe5 14. dxe5 Qg5 15. Qe2 Qxg2 16. Rf1 Qxh2 17. Nc3 Rg5 18. O-O-O Qxe5 19. Qd3 Qf4+ 20. Kb1 Bd7 21. Ne4 Re5 22. Nd6+ Ke7 23. Nxb7 Qe4 24. Qxe4 Rxe4 25. Nc5 Rf4 26. Nxd7 Nxd7 27. Rd2 Nc5 28. Rc1 Rc8 29. Rcc2 Nxb3 30. axb3 Rxc2 31. Kxc2 Rf3 32. Re2 h5 33. Kd1 h4 34.
Re4 h3 35. Ke2 Rxb3 36. Rh4 Rxb2+ 37. Kf3 Rb3+ 38. Ke2 a5 39. f3 h2 40. Kf1 h1=Q+ 41. Rxh1 Rb1+ 0-1

[Event "*** Titled Tuesday Blitz"]
[Site "Chess.com"]
[Date "2020.11.03"]
[Round "3"]
[White "Olga_Zhuravleva"]
[Black "zurzan"]
[Result "1-0"]
[WhiteElo "2319"]
[BlackElo "2057"]
[TimeControl "180+1"]
[EndTime "10:30:59 PST"]
[Termination "Olga_Zhuravleva won on time"]

1. e4 Nf6 2. e5 Nd5 3. c4 Nb6 4.
c5 Nd5 5. Bc4 e6 6. d4 c6 7. Nf3 b6 8. Bxd5 cxd5 9. b4 bxc5 10. bxc5 Nc6 11. O-O Be7 12. Nc3 O-O 13. Rb1 Ba6 14.
Re1 Bc4 15. Be3 Rb8 16. Nd2 Rxb1 17. Qxb1 Ba6 18. f4 f6 19. h3 f5 20. Kh1 Bh4 21. Rc1 Qb8 22. Qxb8 Rxb8 23. Rb1 Be1 24. Rxe1 Rb2 25.
Rb1 Rc2 26. Rb3 h6 27. Kg1 Kf7 28. Nf3 Bc4 29. Ra3 a5 30. Ne1 Rb2 31. Bc1 Rb7 32.
Nf3 g6 33. Kf2 Nb4 34. Kg3 Nd3 35. Be3 g5 36. fxg5 hxg5 37. Nxg5+ Kg6 38. Nf3 Ra7 39. Na4 Nb4 40. Nb6 Bxa2 41. Bd2 f4+ 42. Kh2 Nc2 43. Rxa2 1-0

[Event "*** Titled Tuesday Blitz"]
[Site "Chess.com"]
[Date "2020.11.03"]
[Round "3"]
[White "albi1999"]
[Black "Flopezin"]
[Result "1-0"]
[WhiteElo "2573"]
[BlackElo "2357"]
[TimeControl "180+1"]
[EndTime "10:31:00 PST"]
[Termination "albi1999 won by checkmate"]

1. d4 Nf6 2. c4 e6 3. Nf3 c5 4. d5 d6 5. Nc3 exd5 6. cxd5 g6 7.
Nd2 Nbd7 8. e4 a6 9. a4 Bg7 10. Be2 O-O 11. O-O Re8 12. Qc2 Rb8 13. h3 g5 14. f4 gxf4 15. Rxf4 Kh8 16. Nc4 Ne5 17.
Ne3 Rg8 18. Nf5 Bxf5 19. Rxf5 Qe7 20. Bg5 h6 21. Bd2 Nfd7 22. Raf1 Rbe8 23. Qc1 Kh7 24. Rh5 Nf6 25. Rhf5 Nfd7 26. Bh5 Ref8 27. Qc2 c4 28. Be3 Ng6 29. Be2 Nde5 30. Qd2 Nh4 31. Rh5 Rh8 32. Bg5 Nef3+ 33. Bxf3 Nxf3+ 34. Rxf3 Qe5 35. Rf5 Qd4+ 36. Be3 Qxd2 37. Bxd2 Kg6 38. Rf3 Re8 39. Rhf5 Re7 40. Rg3+ Kh7 41. Rg4 b5 42. axb5 axb5 43. Nxb5 Rb8 44.
Nxd6 Rxb2 45. Bf4 Rb1+ 46. Kh2 Bd4 47. Rh5 Bg7 48. Bxh6 Bxh6 49. Nf5 Rc7 50. Rxh6# 1-0

[Event "*** Titled Tuesday Blitz"]
[Site "Chess.com"]
[Date "2020.11.03"]
[Round "3"]
[White "kleopl"]
[Black "PaulfromSPb"]
[Result "0-1"]
[WhiteElo "2440"]
[BlackElo "2707"]
[TimeControl "180+1"]
[EndTime "10:31:03 PST"]
[Termination "PaulfromSPb won on time"]

1. c4 e5 2. Nc3 d6 3. g3 Nc6 4. Bg2 f5 5. e3 Nf6 6. Nge2 g5 7. f4 h6 8. d3 Bg7 9. O-O O-O 10. Rb1 a5 11. a3 Ne7 12. b4 axb4 13. axb4 Ng6 14. b5 exf4 15. exf4 gxf4 16. Nxf4 Nxf4 17. Bxf4 Ng4 18.
Nd5 Bd4+ 19. Kh1 c6 20. bxc6 bxc6 21. Nb4 Bd7 22. Qd2 Qf6 23. Nxc6 Bxc6 24. Bxc6 Ra3 25.
h3 Ne5 26. Bxe5 dxe5 27. Bd5+ Kh8 28. Rb7 f4 29. gxf4 exf4 30. Qg2 Ra7 31. Rxa7 Bxa7 32. Qg4 Be3 33. Qe6 Qg5 34. Qg4 Qf6 35. Qe6 Qg7 36. Qg4 Qh7 37. Be4 Qe7 38. Qg6 Rf6 39. Qg4 Re6 40. Rb1 Bb6 41. Qf5 Rf6 42. Qg4 Qf8 43. Qh5 f3 44. Bxf3 Be3 0-1

[Event "*** Titled Tuesday Blitz"]
[Site "Chess.com"]
[Date "2020.11.03"]
[Round "3"]
[White "dopolian"]
[Black "Borsuk_Konstantin"]
[Result "0-1"]
[WhiteElo "2377"]
[BlackElo "2591"]
[TimeControl "180+1"]
[EndTime "10:31:03 PST"]
[Termination "Borsuk_Konstantin won by resignation"]

1. Nf3 b6 2. g3 Bb7 3. Bg2 Nf6 4. O-O g6 5. c4 Bg7 6. Nc3 O-O 7. d4 Ne4 8. Qc2 Nxc3 9. Qxc3 c5 10. e3 cxd4 11. exd4 d5 12. Ne5 e6 13. Bf4 Nd7 14. b3 Rc8 15. Rac1 Nxe5 16. Bxe5 Bxe5 17. dxe5 Qe7 18. Qd2 dxc4 19. bxc4 Rc5 20. f4 Rfc8 21. Rfd1 Bxg2 22. Kxg2 Rxc4 23. Rxc4 Rxc4 24. Qd8+ Qxd8 25. Rxd8+ Kg7 26. Rd2 Rc3 27. h4 Ra3 28. Rc2 h5 29. Kf2 b5 30.
Rb2 a6 31. Rd2 b4 32. Kg2 a5 33. Kh3 Kf8 34. Kh2 Ke7 35. Kh3 a4 36. Kh2 b3 37. axb3 axb3 38. Kh3 Ra7 39. Rb2 Rb7 40. Kg2 Kd7 41. Kf3 Kc6 42. Ke3 Kc5 43. Kd3 Kb4 44. Rb1 Rd7+ 45. Ke3 Rd5 46. Kf3 Kc3 47. g4 b2 48. gxh5 gxh5 49. Ke4 Kc2 0-1

[Event "*** Titled Tuesday Blitz"]
[Site "Chess.com"]
[Date "2020.11.03"]
[Round "3"]
[White "ARTHURMOTIVATOR"]
[Black "winniethepooh04"]
[Result "1/2-1/2"]
[WhiteElo "2386"]
[BlackElo "2237"]
[TimeControl "180+1"]
[EndTime "10:31:04 PST"]
[Termination "Game drawn by repetition"]

1. e4 e6 2. b3 d5 3. Bb2 Nf6 4. e5 Nfd7 5. Qg4 c5 6. f4 Nc6 7. Nf3 g6 8. Be2 Be7 9. O-O h5 10. Qg3 h4 11. Qh3 b6 12. c3 Bb7 13. Na3 a6 14. Nc2 Qc7 15. d4 O-O-O 16. Ng5 Rdf8 17.
Rac1 b5 18. a4 bxa4 19. bxa4 Kb8 20. c4 dxc4 21. Bxc4 cxd4 22. Nxd4 Nxd4 23. Bxd4 Bc5 24. Bxc5 Qxc5+ 25. Kh1 Qb4 26. Qd3 Nc5 27. Qe2 Ka7 28.
Qe3 Ka8 29. Qe2 h3 30. Nf3 hxg2+ 31. Kxg2 Rc8 32. Rb1 Qxa4 33. Ra1 Qc6 34. Bb5 Qd5 35. Bxa6 Nxa6 36. Rxa6+ Kb8 37. Rb1 Kc7 38. Ra7 Rb8 39. Rc1+ Kb6 40. Ra3 Rhc8 41. Qb2+ Qb5 42. Qd4+ Rc5 43. Qd6+ Rc6 44. Qxb8 Rxc1 45. Qd8+ Rc7 46. Qd6+ Rc6 47. Qd8+ Rc7 48. Qd6+ Qc6 49. Qb4+ Qb5 50.
Qd6+ 1/2-1/2

[Event "*** Titled Tuesday Blitz"]
[Site "Chess.com"]
[Date "2020.11.03"]
[Round "3"]
[White "keepitcoming"]
[Black "Kobalia"]
[Result "0-1"]
[WhiteElo "2534"]
[BlackElo "2733"]
[TimeControl "180+1"]
[EndTime "10:31:05 PST"]
[Termination "Kobalia won on time"]

1. d4 Nf6 2. c4 g6 3. Nc3 Bg7 4.
e4 O-O 5. f3 c6 6. Nge2 a6 7. a4 a5 8. Ng3 d6 9. Be2 e5 10. d5 Na6 11. O-O Nc5 12. Be3 Bd7 13. Kh1 h5 14. Bg5 Qb6 15. Ra2 Nh7 16. Be3 h4 17.
dxc6 Qxc6 18. Nd5 Rfe8 19. Bf2 hxg3 20. Bxg3 Nf6 21. Nc3 Ne6 22. Nb5 Ra6 23. b3 Nh5 24.
Bf2 Nhf4 25. Rd2 Bf8 26. g3 Nxe2 27. Qxe2 Nc5 28. Qe3 Kh7 29. Qc3 f5 30. exf5 Bxf5 31. Rfd1 Qc8 32. g4 Bd7 33. Nxd6 Bxd6 34. Rxd6 Rxd6 35. Rxd6 b6 36. Rxb6 Qc7 37. Qxa5 Nxb3 38. Qa6 Nd4 39. Rxg6 Bc6 40. Rf6 Bxf3+ 41. Kg1 Be4 42.
Rh6+ Kg8 43. Qf6 Qg7 44. Qxg7+ Kxg7 45. Rd6 Nf3+ 0-1

[Event "*** Titled Tuesday Blitz"]
[Site "Chess.com"]
[Date "2020.11.03"]
[Round "3"]
[White "Alexchess1984"]
[Black "chessmachine14"]
[Result "1-0"]
[WhiteElo "2560"]
[BlackElo "2353"]
[TimeControl "180+1"]
[EndTime "10:31:06 PST"]
[Termination "Alexchess1984 won on time"]

1. e4 c5 2. c3 Nf6 3. e5 Nd5 4. Bc4 Nb6 5. Bb3 c4 6. Bc2 Nc6 7. Nf3 d6 8. exd6 Qxd6 9. O-O Bg4 10. Re1 e6 11. Na3 O-O-O 12. Qe2 Qf4 13. d4 cxd3 14.
Bxd3 Bxf3 15. Bxf4 Bxe2 16. Bxe2 Nd5 17. Bg3 e5 18. Nc4 f6 19. a4 Kb8 20. a5 a6 21.
Bf3 Bc5 22. Rad1 Nf4 23. b4 Ba7 24. Bxf4 exf4 25. Bxc6 bxc6 26. Nd6 Rd7 27. Ne4 Rxd1 28. Rxd1 Re8 29. Nc5 Bxc5 30. bxc5 Kc7 31. Kf1 Re5 32. Re1 Kd7 33. Rd1+ Ke7 34. Rb1 Rxc5 35. Rb7+ Ke6 36. Rxg7 h5 37. h4 Rxa5 38. Rc7 Rc5 39. Ra7 a5 40.
Ke2 Kd5 41. Kd3 Ke5 42. c4 Ke6 43. Kd4 Kd6 44. Rf7 Rf5 45. Ke4 Ke6 46. Rc7 a4 47. Rxc6+ Kd7 48. Ra6 Re5+ 49. Kxf4 Re2 50. Kf3 Ra2 51. Ra5 a3 52. Rxh5 Rb2 53. Ra5 Rb3+ 54.
Kf4 Ke6 55. h5 Rc3 56. Ra6+ Kf7 57. Kf5 Rxc4 58. Ra7+ Kg8 59. f4 Rc5+ 60. Kg6 Rb5 61. Ra8+ 1-0

[Event "*** Titled Tuesday Blitz"]
[Site "Chess.com"]
[Date "2020.11.03"]
[Round "3"]
[White "rasmussvane"]
[Black "Karateloru"]
[Result "1-0"]
[WhiteElo "2949"]
[BlackElo "2702"]
[TimeControl "180+1"]
[EndTime "10:31:08 PST"]
[Termination "rasmussvane won on time"]

1. Nf3 Nf6 2. g3 e6 3. Bg2 d5 4. O-O c5 5. c4 Nc6 6. cxd5 Nxd5 7. d4 Be7 8. dxc5 Bxc5 9. Bd2 O-O 10. Nc3 Nxc3 11. Bxc3 Qe7 12. Qb3 e5 13. e3 Be6 14.
Qb5 a6 15. Qe2 f6 16. Nd2 Rac8 17. Rfd1 Rfd8 18. a3 Ba7 19. Rac1 h6 20. h4 Kh8 21. Bf3 Bd5 22. h5 Bxf3 23. Nxf3 Qe6 24. Nh4 Ne7 25. Bb4 Nd5 26. Ng6+ Kh7 27. Rxc8 Qxc8 28.
Qd3 e4 29. Qxe4 f5 30. Qf3 Nxe3 31. Rxd8 Qxd8 32. fxe3 Qd3 33. Kf2 Qc2+ 34. Qe2 Qe4 35. Bc3 Qh1 36. Qf3 Qh2+ 37. Kf1 Qh3+ 38. Ke2 Qh2+ 39.
Kd3 Qg1 40. Ne7 Qb1+ 41. Kd2 f4 42. Qxf4 Bc5 43. Qe5 1-0

[Event "*** Titled Tuesday Blitz"]
[Site "Chess.com"]
[Date "2020.11.03"]
[Round "3"]
[White "DrVelja"]
[Black "aleksey1203borisovi4"]
[Result "0-1"]
[WhiteElo "2756"]
[BlackElo "2467"]
[TimeControl "180+1"]
[EndTime "10:31:08 PST"]
[Termination "aleksey1203borisovi4 won by resignation"]

1. e4 g6 2. d4 Bg7 3. Nc3 d6 4. Be3 Nf6 5. Qd2 Nc6 6. d5 Ne5 7. O-O-O a6 8. f4 Ned7 9. Nf3 O-O 10. h3 b5 11. a3 Bb7 12. g4 c5 13. dxc6 Bxc6 14. Bd3 Nc5 15. Bd4 a5 16. g5 Nfxe4 17. Bxe4 Nxe4 18. Nxe4 Bxe4 19. Bxg7 Bxf3 20. Bxf8 Qxf8 21.
f5 gxf5 22. Qd3 Be4 23. Qxb5 Rb8 24. Qxa5 Qg7 25. Qc3 Qxc3 26. bxc3 Bxh1 27. Rxh1 Kg7 28. Rf1 Kg6 29. h4 e5 30. Kd2 f4 31. Kd3 Kf5 32.
a4 d5 33. a5 Ra8 34. Ra1 Ra6 35. c4 e4+ 36. Kd4 dxc4 37. Kxc4 Ke5 38. Kb5 Ra8 39.
a6 e3 40. Kc4 Ke4 41. Kc3 f3 42. Ra4+ Kf5 43. Kd3 e2 44. Ra1 Rxa6 45. Rxa6 e1=Q 46. Rf6+ Kg4 0-1